 Dungeon Crawl Stone Soup version 0.17-a0-2098-gf59d6bc (webtiles) character file.

88 4thArraOfDagon the Chopper (level 4, -3/42 HPs)
             Began as a Deep Dwarf Fighter on Oct 17, 2015.
             Killed from afar by an orc wizard (4 damage)
             ... with a puff of flame
             ... on level 4 of the Dungeon.
             The game lasted 00:02:23 (391 turns).

4thArraOfDagon the Chopper (Deep Dwarf Fighter)      Turns: 391, Time: 00:02:24

Health: -3/42      AC:  5    Str: 20    XL:     4   Next: 30%
Magic:  4/4        EV:  7    Int:  9    God:
Gold:   77         SH:  9    Dex: 12    Spells: 0 memorised, 3 levels left

rFire  . . .     SeeInvis .     a - +0 war axe
rCold  . . .     Clarity  .     b - +0 scale mail
rNeg   . . .     SustAt   .     c - +0 shield
rPois  .         Gourm    .     (no helmet)
rElec  .         Spirit   .     (no cloak)
rCorr  .         Warding  .     (no gloves)
rMut   .         Stasis   .     (no boots)
MR     .....                    (no amulet)
Stlth  ..........               (no ring)
                                m - -2 ring of protection (curse)

@: non-regenerating, not resistant to hostile enchantments, extremely unstealthy
A: damage resistance, recharge devices, sense surroundings 1, slow regeneration
3
a: Device Recharging


You were on level 4 of the Dungeon.
You were not hungry.

You visited 1 branch of the dungeon, and saw 4 of its levels.

You collected 77 gold pieces.

Inventory:

Hand Weapons
 a - a +0 war axe (weapon)
Missiles
 o - a throwing net (quivered)
Armour
 b - a +0 scale mail (worn)
 c - a +0 shield (worn)
Magical Staves
 i - an uncursed staff of cold {unknown}
Jewellery
 m - a cursed -2 ring of protection (left hand)
Wands
 e - a wand of heal wounds (4)
Scrolls
 g - 2 scrolls of blinking {unknown}
 h - a scroll of teleportation {unknown}
 j - 2 scrolls of fog {unknown}
 k - a scroll of enchant armour {unknown}
Potions
 d - a potion of might
 l - a potion of brilliance
Books
 p - the Papyrus of Contamination
   (You found it on level 4 of the Dungeon)

   Spells                             Type                      Level
   a - Sting                          Conjuration/Poison           1
   b - Cure Poison                    Poison                       2
   c - Ignite Poison                  Fire/Transmutation/Poison    3
   d - Olgreb's Toxic Radiance        Poison                       4
   e - Poisonous Cloud                Conjuration/Poison/Air       6
Comestibles
 f - a bread ration


   Skills:
 + Level 3.2 Fighting
 * Level 4.1 Axes
 + Level 3.8 Armour
 - Level 3.2 Shields


You had 3 spell levels left.
You didn't know any spells.

Dungeon Overview and Level Annotations

Branches:
Dungeon (4/15)
 Temple: D:4-7

Altars:
Ashenzari
Elyvilon
Fedhas
Kikubaaqudgha
Trog
Vehumet
Yredelemnul


Innate Abilities, Weirdness & Mutations

You are resistant to damage.
You can recharge devices by infusing magical energy.
You passively map a small area around you.
You do not regenerate naturally.


Message History

You closely miss something. You hit the orc.
You kill the orc!
Your shield prevents you from hitting the worm.
The worm is lightly wounded.
Something hits you but does no damage. The worm bites you.
You hear some strange, mumbled words.
A puff of flame appears from out of thin air!
The puff of flame hits you!
* * * LOW HITPOINT WARNING * * *
You closely miss something. You slash the worm!
The worm is moderately wounded.
Something hits you but does no damage. The worm bites you!
* * * LOW HITPOINT WARNING * * *
Unknown command.
You miss something. You hit the worm but do no damage.
The worm is moderately wounded.
You hear some strange, mumbled words.
A puff of flame appears from out of thin air!
The puff of flame hits you!
You die...

....# #.....##..## .. ....#
.....#....####.....) , ...##
* .........##........ ...##
* ####..............
#...#####...†..............
,,
#.#...##....#.......##.#..#
#..........#.(....#.......#
....###..###.#.)){#....# ,
..#.###..# #.#..@)..##.. ,
..#......# #....w...#* #,
..#..##..###........# ,
..#..###..#.........# *
#....# ##...........# ,
.....# ##.........#.# *
......##....###.#...# , * *
.................#..######.#
,
.....###...<..#.............


You could see a worm.

Vanquished Creatures
  An orc wizard (D:4)
  2 adders
  An ooze (D:3)
  10 orcs (D:4)
  2 giant cockroaches
  3 hobgoblins
  4 jackals
  4 bats
  2 kobolds (D:2)
29 creatures vanquished.

Vanquished Creatures (others)
  An orc (D:4)
1 creature vanquished.

Grand Total: 30 creatures vanquished

Notes
Turn   | Place    | Note
--------------------------------------------------------------
     0 | D:1      | 4thArraOfDagon the Deep Dwarf Fighter began the quest for the Orb.
     0 | D:1      | Reached XP level 1. HP: 20/20 MP: 1/1
    78 | D:2      | Found a white marble altar of Elyvilon.
    81 | D:2      | Found an ancient bone altar of Kikubaaqudgha.
    81 | D:2      | Found a blossoming altar of Fedhas.
    86 | D:2      | Found a bloodstained altar of Trog.
    88 | D:2      | Reached XP level 2. HP: 21/27 MP: 2/2
    89 | D:2      | Found a basalt altar of Yredelemnul.
    94 | D:2      | Found a shattered altar of Ashenzari.
    95 | D:2      | Found a radiant altar of Vehumet.
   194 | D:3      | Reached XP level 3. HP: 14/34 MP: 3/3
   243 | D:4      | Noticed an ogre
   326 | D:4      | Identified the Papyrus of Contamination (You found it on level 4 of the Dungeon)
   339 | D:4      | Reached skill level 4 in Axes
   339 | D:4      | Reached XP level 4. HP: 24/42 MP: 4/4
   390 | D:4      | HP: 1/42 [worm (5)]
   391 | D:4      | Killed from afar by an orc wizard

Vault maps used:
D:1:      dpeg_arrival_water_temple_mockup, kennysheep_pointless_box,
          st_stairs_6, minmay_close_crescents
D:2:      grunt_temple_overflow_open, uniq_crazy_yiuf_cottage
D:3:      portal_sewer_entry_e, tgw_trog, uniq_terence
D:4:      first_bread, uniq_edmund

Action                   |  1- 3 |  4- 6 || total
-------------------------+-------+-------++-------
Melee: War axe           |    86 |    13 ||    99
Evoke: Wand              |     1 |       ||     1
  Use: Potion            |     3 |       ||     3
